EL
FRISCO ROUGHRIDERS @ MIDLAND ROCKHOUNDS
10/07/2046
 
TOP OF THE 1ST
Coastal Carolina University Chanticleers batting - Pitching for University of Conneticut Huskies : RHP Victor Altagracia
Pitching: RHP Victor Altagracia
Batting: RHB Jim Unknown 0-0: Called Strike
0-1: Called Strike
0-2: Ball
1-2: Foul Ball, location: 2F
1-2: Foul Ball, location: 2F
1-2: Strikes out swinging
Batting: RHB Jim Unknown 0-0: Ball
1-0: Ball
2-0: Ball
3-0: Base on Balls
Batting: RHB Jim Unknown 0-0: Ball
1-0: Foul Ball, location: 2F
1-1: Foul Ball, location: 2F
1-2: Ball
2-2: Grounds into double play, 4-6-3 (Groundball, 4, EV 76.9 MPH)
Top of the 1st over - 0 runs, 0 hits, 0 errors, 0 left on base; Coastal Carolina University 0 - University of Conneticut 0
BOTTOM OF THE 1ST
University of Conneticut Huskies batting - Pitching for Coastal Carolina University Chanticleers : RHP Jim Unknown
Pitching: RHP Jim Unknown
Batting: LHB Enzo Aguello 0-0: Called Strike
0-1: Fly out, F7 (Flyball, 7, EV 81.2 MPH)
Batting: RHB Brendan Garoutte 0-0: Called Strike
0-1: Swinging Strike
0-2: SINGLE (Groundball, P, EV 92.5 MPH) (infield hit)
Batting: LHB Bill Kovac 0-0: Ball
1-0: Called Strike
Brendan Garoutte steals 2nd base
1-1: Ball
2-1: Ground out 5-3 (Groundball, 5, EV 96.9 MPH)
Batting: LHB Fumito Sakurai 0-0: Reached on error, E6 (Flyball, 6D, EV 93.8 MPH)
Brendan Garoutte to third
Batting: RHB Bill Stern 0-0: Ball
Wild Pitch!
Brendan Garoutte scores
Fumito Sakurai to second
1-0: SINGLE (Flyball, 7S, EV 85.0 MPH)
Fumito Sakurai to third
Throwing error, E7
Fumito Sakurai scores
Bill Stern to second
Batting: RHB Scott Webb 0-0: Called Strike
0-1: SINGLE (Groundball, 3, EV 100.6 MPH)
Bill Stern to third
Runner from 3rd tries for Home, throw by RF and OUT! 9-2
Bottom of the 1st over - 2 runs, 3 hits, 2 errors, 1 left on base; Coastal Carolina University 0 - University of Conneticut 2
TOP OF THE 2ND
Coastal Carolina University Chanticleers batting - Pitching for University of Conneticut Huskies : RHP Victor Altagracia
Batting: RHB Jim Unknown 0-0: Ball
1-0: Called Strike
1-1: Ground out 6-3 (Groundball, 56D, EV 89.4 MPH)
Batting: LHB Jim Unknown 0-0: Foul Ball, location: 2F
0-1: Swinging Strike
0-2: Strikes out swinging
Batting: LHB Jim Unknown 0-0: Ball
1-0: Ball
2-0: Ball
3-0: Called Strike
3-1: Called Strike
3-2: Base on Balls
Batting: RHB Jim Unknown 0-0: Called Strike
0-1: Ball
1-1: Called Strike
1-2: Strikes out swinging
Top of the 2nd over - 0 runs, 0 hits, 0 errors, 1 left on base; Coastal Carolina University 0 - University of Conneticut 2
BOTTOM OF THE 2ND
University of Conneticut Huskies batting - Pitching for Coastal Carolina University Chanticleers : RHP Jim Unknown
Batting: RHB Alejandro Collazo 0-0: Fly out, F4 (Line Drive, 4, EV 73.8 MPH)
Batting: RHB Mustafa bin Gamali 0-0: Ball
1-0: Ball
2-0: Called Strike
2-1: Foul Ball, location: 2F
2-2: Foul Ball, location: 2F
2-2: Foul Ball, location: 2F
2-2: Foul Ball, location: 2F
2-2: Ball
3-2: Strikes out looking
Batting: RHB Devon House 0-0: Called Strike
0-1: Called Strike
0-2: Ball
1-2: Ground out 3-1 (Groundball, 34, EV 101.2 MPH)
Bottom of the 2nd over - 0 runs, 0 hits, 0 errors, 0 left on base; Coastal Carolina University 0 - University of Conneticut 2
TOP OF THE 3RD
Coastal Carolina University Chanticleers batting - Pitching for University of Conneticut Huskies : RHP Victor Altagracia
Batting: RHB Jim Unknown 0-0: Called Strike
0-1: Ball
1-1: Ball
2-1: Ground out 4-3 (Groundball, 4, EV 96.9 MPH)
Batting: RHB Jim Unknown 0-0: Ball
1-0: Ball
2-0: Called Strike
2-1: Ball
3-1: Called Strike
3-2: Strikes out swinging
Pitching: RHP Boboy Cacabelos
Batting: RHB Jim Unknown 0-0: Called Strike
0-1: Ground out 6-3 (Groundball, 6, EV 87.5 MPH)
Top of the 3rd over - 0 runs, 0 hits, 0 errors, 0 left on base; Coastal Carolina University 0 - University of Conneticut 2
BOTTOM OF THE 3RD
University of Conneticut Huskies batting - Pitching for Coastal Carolina University Chanticleers : RHP Jim Unknown
Batting: LHB Enzo Aguello 0-0: Fly out, F4 (Popup, 13S, EV 87.5 MPH)
Batting: RHB Brendan Garoutte 0-0: Called Strike
0-1: Foul Ball, location: 2F
0-2: Fly out, F8 (Line Drive, 8RD, EV 90.6 MPH)
Batting: LHB Bill Kovac 0-0: Called Strike
0-1: Ball
1-1: Swinging Strike
1-2: Ball
2-2: Ground out 4-3 (Groundball, 4, EV 84.4 MPH)
Bottom of the 3rd over - 0 runs, 0 hits, 0 errors, 0 left on base; Coastal Carolina University 0 - University of Conneticut 2
TOP OF THE 4TH
Coastal Carolina University Chanticleers batting - Pitching for University of Conneticut Huskies : RHP Boboy Cacabelos
Batting: RHB Jim Unknown 0-0: Ball
1-0: Ball
2-0: Ball
3-0: Called Strike
3-1: Called Strike
3-2: Strikes out looking
Batting: RHB Jim Unknown 0-0: Foul Ball, location: 2F
0-1: Foul Ball, location: 2F
0-2: Ball
1-2: Ball
2-2: Ground out 5-3 (Groundball, 56, EV 108.1 MPH)
Batting: RHB Jim Unknown 0-0: Ball
1-0: Ball
2-0: Foul Ball, location: 2F
2-1: Called Strike
2-2: Foul Ball, location: 2F
2-2: Foul Ball, location: 2F
2-2: Ball
3-2: Ground out 4-3 (Groundball, 4, EV 104.4 MPH)
Top of the 4th over - 0 runs, 0 hits, 0 errors, 0 left on base; Coastal Carolina University 0 - University of Conneticut 2
BOTTOM OF THE 4TH
University of Conneticut Huskies batting - Pitching for Coastal Carolina University Chanticleers : RHP Jim Unknown
Batting: LHB Fumito Sakurai 0-0: SINGLE (Groundball, 34D, EV 101.2 MPH)
Batting: RHB Bill Stern 0-0: Ball
Fumito Sakurai steals 2nd base
1-0: Fly out, F8 (Flyball, 8RD, EV 90.6 MPH)
Batting: RHB Scott Webb 0-0: Ball
1-0: Foul Ball, location: 2F
1-1: Ball
2-1: Fly out, F7 (Line Drive, 7, EV 97.5 MPH)
Batting: RHB Alejandro Collazo 0-0: Ball
1-0: Reached on error, E6 (Groundball, 6M, EV 83.1 MPH)
Fumito Sakurai to third
Batting: RHB Mustafa bin Gamali 0-0: Foul Ball, location: 2F
0-1: Ball
1-1: Ball
2-1: Foul Ball, location: 2F
2-2: Ground out 5-3 (Groundball, 56S, EV 85.6 MPH)
Bottom of the 4th over - 0 runs, 1 hit, 1 error, 2 left on base; Coastal Carolina University 0 - University of Conneticut 2
TOP OF THE 5TH
Coastal Carolina University Chanticleers batting - Pitching for University of Conneticut Huskies : RHP Boboy Cacabelos
Batting: LHB Jim Unknown 0-0: Called Strike
0-1: Foul Ball, location: 2F
0-2: Strikes out looking
Batting: LHB Jim Unknown 0-0: Called Strike
0-1: Ball
1-1: Foul Ball, location: 2F
1-2: Strikes out swinging
Batting: RHB Jim Unknown 0-0: Ball
1-0: Called Strike
1-1: Foul Ball, location: 2F
1-2: Strikes out looking
Top of the 5th over - 0 runs, 0 hits, 0 errors, 0 left on base; Coastal Carolina University 0 - University of Conneticut 2
BOTTOM OF THE 5TH
University of Conneticut Huskies batting - Pitching for Coastal Carolina University Chanticleers : RHP Jim Unknown
Pitching: LHP Jim Unknown
Batting: RHB Devon House 0-0: Called Strike
0-1: Ball
1-1: Called Strike
1-2: Fly out, F9 (Flyball, 9D, EV 99.4 MPH)
Batting: LHB Enzo Aguello 0-0: Ground out 6-3 (Groundball, 6S, EV 68.8 MPH)
Batting: RHB Brendan Garoutte 0-0: SINGLE (Groundball, 34D, EV 100.6 MPH)
Batting: LHB Bill Kovac 0-0: Ball
1-0: Foul Ball, location: 2F
1-1: Swinging Strike
1-2: Ball
2-2: Ball
3-2: Base on Balls
Brendan Garoutte to second
Batting: LHB Fumito Sakurai 0-0: Called Strike
0-1: Ball
1-1: Swinging Strike
1-2: SINGLE (Groundball, 6S, EV 73.8 MPH) (infield hit)
Brendan Garoutte to third
Bill Kovac to second
Batting: RHB Bill Stern 0-0: Called Strike
0-1: Ball
1-1: Ball
2-1: Fly out, F8 (Flyball, 8LD, EV 95.0 MPH)
Bottom of the 5th over - 0 runs, 2 hits, 0 errors, 3 left on base; Coastal Carolina University 0 - University of Conneticut 2
TOP OF THE 6TH
Coastal Carolina University Chanticleers batting - Pitching for University of Conneticut Huskies : RHP Boboy Cacabelos
Batting: RHB Jim Unknown 0-0: Foul Ball, location: 2F
0-1: Ball
1-1: Swinging Strike
1-2: Ball
2-2: Strikes out swinging
Batting: RHB Jim Unknown 0-0: Foul Ball, location: 2F
0-1: SINGLE (Groundball, 56D, EV 95.0 MPH)
Batting: RHB Jim Unknown 0-0: Foul Ball, location: 2F
0-1: Called Strike
0-2: Ball
1-2: Foul Ball, location: 2F
1-2: Strikes out swinging
Batting: RHB Jim Unknown 0-0: SINGLE (Flyball, 4D, EV 85.6 MPH)
Jim Unknown to second
Runner from 2nd tries for 3rd, SAFE, throw by RF made to third
Batting: RHB Jim Unknown 0-0: Foul Ball, location: 2F
0-1: Called Strike
0-2: Strikes out swinging
Top of the 6th over - 0 runs, 2 hits, 0 errors, 2 left on base; Coastal Carolina University 0 - University of Conneticut 2
BOTTOM OF THE 6TH
University of Conneticut Huskies batting - Pitching for Coastal Carolina University Chanticleers : LHP Jim Unknown
Batting: RHB Scott Webb 0-0: Ball
1-0: Fly out, F8 (Flyball, 8RM, EV 91.2 MPH)
Batting: RHB Alejandro Collazo 0-0: Fly out, F8 (Flyball, 8LXD, EV 92.5 MPH)
Batting: RHB Mustafa bin Gamali 0-0: Ground out 5-3 (Groundball, 56, EV 90.6 MPH)
Bottom of the 6th over - 0 runs, 0 hits, 0 errors, 0 left on base; Coastal Carolina University 0 - University of Conneticut 2
TOP OF THE 7TH
Coastal Carolina University Chanticleers batting - Pitching for University of Conneticut Huskies : RHP Boboy Cacabelos
Pitching: RHP Toshinobu Funaki
Batting: RHB Jim Unknown 0-0: Reached on error, E4 (Groundball, 4S, EV 78.1 MPH)
Batting: LHB Jim Unknown 0-0: DOUBLE (Groundball, 3L, EV 101.9 MPH)
Jim Unknown to third
Runner from 3rd tries for Home, SAFE, throw by RF to home
Batting: LHB Jim Unknown 0-0: Called Strike
0-1: Ball
1-1: Ball
2-1: Bunt missed!
2-2: Strikes out looking
Batting: RHB Jim Unknown 0-0: Foul Ball, location: 2F
0-1: Fly out, F3 (Flyball, 3D, EV 90.6 MPH)
Batting: RHB Jim Unknown 0-0: Called Strike
0-1: Ball
1-1: Ball
2-1: Foul Ball, location: 2F
2-2: Ball
3-2: Ground out U3 (Groundball, 34S, EV 80.0 MPH)
Top of the 7th over - 1 run, 1 hit, 1 error, 1 left on base; Coastal Carolina University 1 - University of Conneticut 2
BOTTOM OF THE 7TH
University of Conneticut Huskies batting - Pitching for Coastal Carolina University Chanticleers : LHP Jim Unknown
Pitching: RHP Jim Unknown
Batting: RHB Devon House 0-0: Ball
1-0: Ground out 5-3 (Groundball, 56S, EV 89.4 MPH)
Pinch Hitting: SHB Chris Handelman 0-0: Ball
1-0: Foul Ball, location: 2F
1-1: Ground out 4-3 (Groundball, 4S, EV 81.9 MPH)
Pinch Hitting: LHB Ivan Pina 0-0: Ball
1-0: Ball
2-0: Swinging Strike
2-1: Ball
3-1: Base on Balls
Pinch Hitting: LHB Andrew Barzee 0-0: Called Strike
0-1: Fly out, F9 (Flyball, 9LM, EV 81.9 MPH)
Bottom of the 7th over - 0 runs, 0 hits, 0 errors, 1 left on base; Coastal Carolina University 1 - University of Conneticut 2
TOP OF THE 8TH
Coastal Carolina University Chanticleers batting - Pitching for University of Conneticut Huskies : RHP Toshinobu Funaki
Now at 1B: Paul Pastrano
Now in LF: Clint Hanninen
Now in CF: Cody Leonard
Batting: RHB Jim Unknown 0-0: Called Strike
0-1: Ball
1-1: Ball
2-1: Called Strike
2-2: Ground out 2-3 (Groundball, 2L, EV 61.9 MPH)
Batting: RHB Jim Unknown 0-0: Called Strike
0-1: Ground out U3 (Groundball, 3L, EV 88.1 MPH)
Batting: RHB Jim Unknown 0-0: Ball
1-0: Ball
2-0: Called Strike
2-1: Foul Ball, location: 2F
2-2: SINGLE (Groundball, 56D, EV 96.9 MPH)
Batting: RHB Jim Unknown 0-0: Called Strike
0-1: Called Strike
0-2: Fly out, F7 (Flyball, 7, EV 89.4 MPH)
Top of the 8th over - 0 runs, 1 hit, 0 errors, 1 left on base; Coastal Carolina University 1 - University of Conneticut 2
BOTTOM OF THE 8TH
University of Conneticut Huskies batting - Pitching for Coastal Carolina University Chanticleers : RHP Jim Unknown
Batting: LHB Fumito Sakurai 0-0: Ball
1-0: Ball
2-0: Swinging Strike
2-1: Fly out, F7 (Flyball, 78M, EV 90.0 MPH)
Batting: RHB Hugo Priego 0-0: Foul Ball, location: 2F
0-1: Ground out U3 (Groundball, 34S, EV 86.2 MPH)
Batting: RHB Scott Webb 0-0: Called Strike
0-1: Ball
1-1: Ball
2-1: Ball
3-1: Foul Ball, location: 2F
3-2: Foul Ball, location: 2F
3-2: Base on Balls
Batting: RHB Alejandro Collazo 0-0: Called Strike
Scott Webb steals 2nd base
0-1: Called Strike
0-2: SINGLE (Groundball, 56D, EV 101.2 MPH)
Scott Webb to third
Runner from 3rd tries for Home, SAFE, throw by LF to home
Alejandro Collazo to second
Batting: RHB Mustafa bin Gamali 0-0: Ground out 6-3 (Groundball, 6, EV 95.0 MPH)
Bottom of the 8th over - 1 run, 1 hit, 0 errors, 1 left on base; Coastal Carolina University 1 - University of Conneticut 3
TOP OF THE 9TH
Coastal Carolina University Chanticleers batting - Pitching for University of Conneticut Huskies : RHP Toshinobu Funaki
Pitching: LHP Angel Juarez
Batting: RHB Jim Unknown 0-0: Called Strike
0-1: Ball
1-1: Called Strike
1-2: Strikes out swinging
Batting: LHB Jim Unknown 0-0: Foul Ball, location: 2F
0-1: Foul Ball, location: 2F
0-2: Ball
1-2: Foul Ball, location: 2F
1-2: Foul Ball, location: 2F
1-2: Ball
2-2: Foul Ball, location: 2F
2-2: Ball
3-2: Fly out, F9 (Line Drive, 9, EV 104.4 MPH)
Pinch Hitting: SHB Jim Unknown 0-0: Called Strike
0-1: Ground out 1-3 (Groundball, 34S, EV 67.5 MPH)
Top of the 9th over - 0 runs, 0 hits, 0 errors, 0 left on base; Coastal Carolina University 1 - University of Conneticut 3
Tuesday, September 13th , 2022 - OOTP Baseball 23.7 Build 88